 Dungeon Crawl Stone Soup version 0.24.0-37-gcf1ca852f1 (webtiles) character file.

Game seed: 2827783237249118598, levelgen mode: deterministic

1224 PentaManta the Chopper (level 8, -17/51 HPs)
             Began as a Gargoyle Monk on Dec 6, 2019.
             Engulfed by a cloud of flame (29 damage)
             ... on level 5 of the Dungeon.
             The game lasted 00:08:37 (4065 turns).

PentaManta the Chopper (Gargoyle Monk)              Turns: 4065, Time: 00:08:37

Health: -17/51     AC: 15    Str: 17    XL:     8   Next: 47%
Magic:  8/8        EV: 13    Int: 11    God:
Gold:   277        SH:  0    Dex: 12    Spells: 7/7 levels left

rFire    . . .     SeeInvis .   h - +2 short sword (venom)
rCold    + . .     Gourm    .   (no shield)
rNeg     + . .     Faith    .   y - +3 leather armour {rC+}
rPois    ∞         Spirit   .   b - +0 helmet
rElec    +         Reflect  .   m - +1 cloak
rCorr    .         Harm     .   (no gloves)
MR       .....                  (no boots)
Stlth    ++........             (no amulet)
HPRegen  0.17/turn              (no ring)
MPRegen  0.11/turn              (no ring)

@: very slightly contaminated
A: negative energy resistance 1, electricity resistance, unbreathing,
petrification resistance, rot immunity, AC +5
a: no special abilities


You were on level 5 of the Dungeon.
You were near starving.

You visited 1 branch of the dungeon, and saw 5 of its levels.

You collected 277 gold pieces.

Inventory:

Hand Weapons
 a - a +0 hand axe
 h - a +2 short sword of venom (weapon)
 v - a +0 whip
Armour
 b - a +0 helmet (worn)
 m - a +1 cloak (worn)
 s - a +0 plate armour
 y - a +3 leather armour of cold resistance (worn)
Wands
 z - a wand of digging (7)
Scrolls
 g - 3 scrolls of remove curse
 l - 2 scrolls of teleportation
Potions
 f - 3 potions of might
 i - 2 potions of magic
 n - a potion of resistance {unknown}
 q - a potion of heal wounds {unknown}
 w - a potion of haste {unknown}
 x - a potion of curing {unknown}
Comestibles
 c - 7 rations


   Skills:
 + Level 5.9 Fighting
 * Level 6.1 Axes
 + Level 4.7 Armour
 + Level 4.4 Dodging
 - Level 2.1 Stealth


You had 7 spell levels left.
You didn't know any spells.
Your spell library contained the following spells:

 Spells                   Type           Power        Failure   Level  Hunger
 Beastly Appendage        Tmut           #.....       38%         1    ##.....
 Sticks to Snakes         Tmut           #.......     54%         2    ###....
 Spider Form              Tmut/Pois      #.........   77%         3    ####...
 Ice Form                 Ice/Tmut       #.......     99%         4    #####..
 Blade Hands              Tmut           #.........   100%        5    ######.


Dungeon Overview and Level Annotations

Branches:
Dungeon (5/15)
 Temple: D:4-7

Altars:
Dithmenos
Gozag
Wu Jian


Innate Abilities, Weirdness & Mutations

You are resistant to torment.
Your stone body is resilient. (AC +5)
You are immune to poison.
You resist negative energy. (rN+)
You are resistant to electric shocks. (rElec)
You can survive without breathing.
You are immune to petrification.
You are immune to rotting.


Message History

The creatures around you are filled with an inner flame!
It was a scroll of immolation.
As you read the scroll of identify, it crumbles to dust.
i - 2 potions of magic
As you read the scroll of identify, it crumbles to dust.
j - 2 potions of degeneration Drop what? 18/52 slots (_ for help) (? for menu, Esc to quit)
You drop 2 potions of degeneration.
There is a stone staircase leading down here.
The quokka closely misses you.
There is a stone staircase leading down here.
You hit the quokka.
The quokka explodes!
The fiery explosion engulfs you!!
Ouch! That really hurt!
You are engulfed in blazing flames.
* * * LOW HITPOINT WARNING * * *
You are engulfed in blazing flames.
Ouch! That really hurt!
You die...

#.####.## #########....
#......# #.§§§§§§.....
######.# #.#########.#
####.### #§# .# #......#
#§# # #.##.#.# #§#
#.##.#.# #.# #.##.#.#####
#.# #.##....§@§# #.#
#.##.#.###§###.#########.#
#.##.#.# #........!......#
#.##.#.#######.#########.#
#.##........##.#########
#......####...#.........
######## ##.###........
##.#.######## ##.##


There were no monsters in sight!

Vanquished Creatures
  Grinder (D:3)
  Eustachio (D:3)
  Edmund (D:4)
  An ogre (D:5)
  A phantom (D:5)
  5 scorpions
  A crimson imp (D:4)
  A bullfrog skeleton (D:5)
  A hound (D:4)
  A centaur skeleton (D:5)
  A worker ant (D:5)
  A killer bee zombie (D:5)
  Robin (D:4)
  4 gnolls (D:3)
  7 adders
  4 worms
  2 dart slugs (D:1)
  3 orcs
  6 giant cockroaches
  9 goblins
  8 hobgoblins
  6 jackals
  4 quokkas
  2 ball pythons
  9 bats
  4 frilled lizards
  8 kobolds
  7 rats
100 creatures vanquished.

Notes
Turn   | Place    | Note
-------+----------+-------------------------------------------
     0 | D:1      | PentaManta the Gargoyle Monk began the quest for the Orb.
     0 | D:1      | Reached XP level 1. HP: 14/14 MP: 1/1
    74 | D:1      | Reached XP level 2. HP: 18/19 MP: 2/2
   288 | D:2      | Reached skill level 1 in Armour
   509 | D:1      | Reached skill level 3 in Axes
   514 | D:1      | Reached XP level 3. HP: 21/23 MP: 3/3
  1344 | D:2      | Found a shadowy altar of Dithmenos.
  1461 | D:3      | Reached XP level 4. HP: 29/29 MP: 4/4
  1871 | D:3      | Noticed Grinder
  1871 | D:3      | Paralysed by Grinder for 5 turns
  1879 | D:3      | Reached XP level 5. HP: 32/33 MP: 5/5
  1901 | D:3      | Paralysed by Grinder for 4 turns
  1917 | D:3      | Killed Grinder
  1917 | D:3      | Reached skill level 4 in Axes
  1917 | D:3      | Reached XP level 6. HP: 5/39 MP: 6/6
  2528 | D:4      | Reached XP level 7. HP: 39/44 MP: 7/7
  2679 | D:4      | Noticed Eustachio
  2711 | D:3      | Killed Eustachio
  2711 | D:3      | Reached skill level 5 in Fighting
  2711 | D:3      | Reached skill level 5 in Axes
  2754 | D:4      | Found an opulent altar of Gozag.
  2921 | D:4      | Noticed Edmund
  2929 | D:4      | Noticed Robin
  2940 | D:4      | Killed Edmund
  2985 | D:4      | Killed Robin
  3256 | D:4      | Reached XP level 8. HP: 46/50 MP: 8/8
  3445 | D:5      | Entered Level 5 of the Dungeon
  3552 | D:5      | Found an ornate altar of the Wu Jian Council.
  3723 | D:5      | Reached skill level 6 in Axes
  4065 | D:5      | Engulfed by a cloud of flame

Levels and vault maps discovered:
D:1:      dpeg_arrival_arbitrary_c, layout_basic, serial_glass, glass_columns_a,
          glass_columns_a, glass_columns_a, glass_columns_b
D:2:      layout_basic, marbit_many_paths, kennysheep_generic_room_14
D:3:      layout_rooms, kennysheep_generic_room_16, uniq_grinder
D:4:      layout_cave_pods, first_ration, grunt_gozag_statues, uniq_eustachio,
          uniq_robin, uniq_edmund
D:5:      layout_loops_ring, old_standard_altar,
          gammafunk_temple_overflow_pools, st_stairs_1

Skill      XL: |  1  2  3  4  5  6  7  8 |
---------------+-------------------------+-----
Armour         | 1 2 3 4 |  4.7
Axes           | 3 4 5 6 |  6.1
Dodging        | 3 4 |  4.4
Fighting       | 4 5 |  5.9
Stealth        | |  2.1

Action                   |  1- 3 |  4- 6 |  7- 9 || total
-------------------------+-------+-------+-------++-------
Melee: Hand axe          |     9 |       |     5 ||    14
       Dagger            |    17 |       |       ||    17
       Short sword       |    96 |    85 |   152 ||   333
       Whip              |       |    41 |     3 ||    44
Throw: Throwing net      |       |     1 |     1 ||     2
  Use: Scroll            |       |       |    12 ||    12
 Stab: Sleeping          |     2 |       |     4 ||     6
  Eat: Chunk             |     1 |     3 |     5 ||     9
Armor: Robe              |     5 |       |       ||     5
       Ring mail         |    67 |    69 |    21 ||   157
       Leather armour    |       |       |    67 ||    67
Dodge: Dodged            |   110 |    67 |   124 ||   301
